 Dungeon Crawl Stone Soup version 0.20.1-1-g8b1a95d (webtiles) character file.

225 darkhara the Firebug (level 5, -4/39 HPs)
             Began as a Demigod Fire Elementalist on Sept 6, 2017.
             Slain by an iguana (5 damage)
             ... on level 5 of the Dungeon.
             The game lasted 00:16:41 (3002 turns).

darkhara the Firebug (Demigod Fire Elementalist)    Turns: 3002, Time: 00:16:41

Health: -4/39      AC:  2    Str: 11    XL:     5   Next: 40%
Magic:  12/12      EV: 13    Int: 21    God:
Gold:   172        SH:  0    Dex: 16    Spells: 1/9 levels left

rFire    . . .     SeeInvis .   i - +0 rapier (protect)
rCold    . . .     Gourm    .   (no shield)
rNeg     . . .     Faith    .   a - +0 robe
rPois    .         Spirit   .   (no helmet)
rElec    .         Reflect  .   (no cloak)
rCorr    .         Harm     .   (no gloves)
MR       .....                  (no boots)
Stlth    ++........             (no amulet)
Regen    0.2/turn               (no ring)
MPRegen  0.2/turn               (no ring)

@: lethally poisoned (-4 -> -6)
A: high mp 1
a: no special abilities


You were on level 5 of the Dungeon.
You were hungry.

You visited 2 branches of the dungeon, and saw 6 of its levels.

You collected 172 gold pieces.

Inventory:

Hand Weapons
 d - a +0 spear
 e - a +1 dagger of venom
 i - a +0 rapier of protection (weapon)
Armour
 a - a +0 robe (worn)
 q - the cursed +1 chain mail of Foxta {*Contam +Blink rC+ Str+8, unknown}
   (You found it on level 4 of the Dungeon)

   It affects your strength (+8).
   It protects you from cold.
   It lets you blink.
   It causes magical contamination when unequipped.
   It has a curse placed upon it.
Scrolls
 j - a scroll of blinking
 l - a scroll of remove curse
 p - a scroll of enchant weapon {unknown}
 r - a scroll of identify
Potions
 h - a potion of curing {unknown}
 k - a potion of lignification {unknown}
 o - a potion of haste {unknown}
Books
 b - a book of Flames

   Spells                             Type                      Level
   a - Flame Tongue                   Conjuration/Fire             1
   b - Throw Flame                    Conjuration/Fire             2
   c - Conjure Flame                  Conjuration/Fire             3
   d - Inner Flame                    Hexes/Fire                   3
   e - Sticky Flame                   Conjuration/Fire             4
   f - Fireball                       Conjuration/Fire             5
Comestibles
 c - 3 bread rations
 f - 3 meat rations
 g - a fruit
 n - a royal jelly


   Skills:
 + Level 0.5 Fighting
 + Level 0.8 Short Blades
 + Level 2.3 Dodging
 + Level 2.7 Stealth
 + Level 2.7 Spellcasting
 + Level 2.0 Conjurations
 + Level 3.9 Fire Magic


You had one spell level left.
You knew the following spells:

 Your Spells              Type           Power        Failure   Level  Hunger
a - Flame Tongue          Conj/Fire      ###..        4%          1    None
b - Fireball              Conj/Fire      ###.......   73%         5    ######.
c - Throw Flame           Conj/Fire      ###...       6%          2    ##.....


Dungeon Overview and Level Annotations

Branches:
Dungeon (5/15)             Temple (1/1) D:4

Annotations:
D:4 Pikel


Innate Abilities, Weirdness & Mutations

You have an increased reservoir of magic. (+10% MP)


Message History

You feel sick.
Found a stone staircase leading up.
You feel sick. The scorpion barely misses you.
You feel sick.
You feel sick. The scorpion closely misses you. The iguana barely misses you.
You feel sick. The iguana closely misses you.
You feel sick. The scorpion misses you.
The iguana bites you but does no damage.
You feel sick. The scorpion barely misses you.
You feel sick. The iguana bites you.
* * * LOW HITPOINT WARNING * * *
The scorpion closely misses you.
You feel sick.
You feel sick. The scorpion stings you!
* * * LOW HITPOINT WARNING * * *
* * * LOW HITPOINT WARNING * * *
You feel sick. The scorpion barely misses you. The iguana bites you.
You die...

. # # ## ##### . #
####...# . #
###......## ### ##
###.........####....
.## ##..........sl....#
#.###...........@..####
##.#.............###
##............<.#
#............###
##.........###
##.######## ##<# #.##
#.. ##.# #.### #.######
##.##.


You could see a scorpion and an iguana.

Vanquished Creatures
  The ghost of darkhara the Firebug, a weakling DgFE (D:3)
  A crimson imp (D:5)
  11 adders
  An ooze (D:1)
  A dart slug (D:2)
  A leopard gecko (D:1)
  A giant cockroach (D:3)
  5 goblins
  7 hobgoblins
  2 jackals (D:2)
  2 quokkas (D:2)
  4 bats
  5 frilled lizards
  5 kobolds
  8 rats
55 creatures vanquished.

Notes
Turn   | Place    | Note
-------+----------+-------------------------------------------
     0 | D:1      | darkhara the Demigod Fire Elementalist began the quest for the Orb.
     0 | D:1      | Reached XP level 1. HP: 14/14 MP: 5/5
    51 | D:1      | Reached skill level 3 in Fire Magic
   103 | D:1      | Reached XP level 2. HP: 14/20 MP: 0/7
   242 | D:2      | Reached skill level 1 in Conjurations
   303 | D:2      | Reached XP level 3. HP: 14/26 MP: 0/8
  1017 | D:2      | Reached XP level 4. HP: 26/33 MP: 0/10
  1552 | D:3      | Noticed darkhara's ghost (weakling DgFE)
  1570 | D:3      | Killed darkhara's ghost
  1720 | D:3      | Found a faded altar of an unknown god.
  2075 | D:4      | Found a staircase to the Ecumenical Temple.
  2098 | Temple   | Entered the Ecumenical Temple
  2207 | D:4      | Reached XP level 5. HP: 39/39 MP: 8/11
  2214 | D:4      | Learned a level 5 spell: Fireball
  2217 | D:4      | Learned a level 2 spell: Throw Flame
  2270 | D:4      | Got a smoking chain mail
  2273 | D:4      | Found a glowing silver altar of Zin.
  2332 | D:4      | Noticed a slave
  2332 | D:4      | Noticed a slave
  2333 | D:4      | Noticed a slave
  2334 | D:4      | Found an ancient bone altar of Kikubaaqudgha.
  2334 | D:4      | Noticed Pikel
  2414 | D:4      | Found a blossoming altar of Fedhas.
  2472 | D:5      | Entered Level 5 of the Dungeon
  3002 | D:5      | HP: 1/39 [poisoned by a scorpion]
  3002 | D:5      | Slain by an iguana

Skill      XL: |  1  2  3  4 |
---------------+-------------+-----
Fire Magic     | 3 |  3.9
Stealth        | 2 |  2.7
Spellcasting   | 2 |  2.7
Conjurations   | 1 2 |  2.0
Dodging        | 2 |  2.3
Fighting       | |  0.5
Short Blades   | |  0.8

Action                   |  1- 3 |  4- 6 || total
-------------------------+-------+-------++-------
Melee: Spear             |     6 |       ||     6
       Unarmed           |     1 |       ||     1
       Dagger            |     3 |     2 ||     5
       Rapier            |       |    73 ||    73
 Cast: Flame Tongue      |    64 |    51 ||   115
  Use: Scroll            |       |     2 ||     2
       Potion            |       |     2 ||     2
  Eat: Fruit             |     1 |     1 ||     2
       Bread ration      |       |     1 ||     1
Armor: Robe              |     7 |    37 ||    44
Dodge: Dodged            |    36 |    79 ||   115
